 Dungeon Crawl Stone Soup version 0.31-a0-1-g4198be8af4 (webtiles) character file.

Game seed: 1963980381081974556

12054 cheesebisquit the Frost Mage (level 11, -5/84 HPs)
             Began as a Merfolk Ice Elementalist on May 2, 2023.
             Shot with a bolt by a yaktaur (27 damage)
             ... on level 10 of the Dungeon.
             The game lasted 00:49:06 (14303 turns).

cheesebisquit the Frost Mage (MfIE)                Turns: 14303, Time: 00:49:07

Health: -5/84      AC:  6    Str:  9    XL:     11   Next: 87%
Magic:  10/21      EV: 20    Int: 25    God:
Gold:   769        SH:  0    Dex: 14    Spells: 7/23 levels left

rFire   + . .        Q - +3 spear (venom)
rCold   . . .        (no shield)
rNeg    . . .        c - +0 leather armour {rF+}
rPois   .            B - +1 hat
rElec   .            a - +0 cloak
rCorr   .            (no gloves)
SInv    .            K - +0 pair of boots
Will    .....        (no amulet)
Stlth   ++           o - +5 ring of evasion
HPRegen 0.34/turn    O - +6 ring of intelligence
MPRegen 0.17/turn

%: no passive effects
@: no status effects
A: (nimble swimmer 2), mertail
a: no special abilities


You were on level 10 of the Dungeon.
You visited 2 branches of the dungeon, and saw 11 of its levels.
You also visited: Sewer and Ossuary.

You collected 769 gold pieces.

Inventory:

Hand Weapons
 L - a +3 trident
 M - a +5 spear
 Q - a +3 spear of venom (weapon)
Missiles
 l - 2 boomerangs
 t - 16 poisoned darts
Armour
 a - a +0 cloak (worn)
 c - a +0 leather armour of fire resistance (worn)
 B - a +1 hat (worn)
 J - a +0 robe of the Archmagi
 K - a +0 pair of boots (worn)
 P - a +0 robe of willpower
Jewellery
 f - a ring of see invisible
 o - a +5 ring of evasion (left hand)
 x - a ring of protection from fire
 O - a +6 ring of intelligence (right hand)
Wands
 b - a wand of quicksilver (5)
 e - a wand of digging (5)
 G - a wand of paralysis (11)
Scrolls
 d - 2 scrolls of blinking {unknown}
 g - 2 scrolls of fear
 i - a scroll of amnesia
 k - a scroll of fog {unknown}
 m - 3 scrolls of immolation
 p - a scroll of enchant weapon {unknown}
 q - a scroll of enchant armour {unknown}
 r - a scroll of butterflies
 s - 3 scrolls of teleportation
 v - a scroll of vulnerability {unknown}
 w - a scroll of brand weapon {unknown}
 y - 2 scrolls of silence
 z - a scroll of magic mapping {unknown}
 A - a scroll of acquirement {unknown}
Potions
 h - a potion of haste
 j - 2 potions of brilliance
 n - 2 potions of curing
 u - 5 potions of mutation
 C - a potion of lignification
 D - 2 potions of might
 E - 2 potions of resistance
 F - a potion of attraction {unknown}
 H - 2 potions of invisibility {unknown}
 I - a potion of flight {unknown}


   Skills:
 + Level 7.5 Fighting
 + Level 9.0 Polearms
 + Level 9.5 Dodging
 - Level 2.1 Stealth
 + Level 6.6 Spellcasting
 - Level 5.0 Summonings
 * Level 13.0 Ice Magic


You had 7 spell levels left.
You knew the following spells:

 Your Spells              Type           Power      Damage    Failure   Level
a - Freeze                Ice            100%       1d10      1%          1
b - Summon Ice Beast      Ice/Summ       52%        N/A       2%          4
c - Freezing Cloud        Conj/Ice/Air   15%        6-21      41%         5
x - Frozen Ramparts       Ice            100%       1d16      1%          3
z - Ozocubu's Armour      Ice            65%        N/A       1%          3

Your spell library contained the following spells:

 Spells                   Type           Power      Damage    Failure   Level
 Call Canine Familiar     Summ           33%        N/A       3%          3
 Beastly Appendage        Tmut           16%        N/A       10%         1
 Necrotise                Necr           32%        1d5       10%         1
 Cigotuvi's Dreadful Rot  Necr/Pois/Air  16%        N/A       16%         2
 Wereblood                Tmut           8%         N/A       16%         2
 Dazzling Flash           Conj/Hex       16%        N/A       30%         3
 Ignite Poison            Fire/Tmut/Pois 8%         N/A       30%         3
 Portal Projectile        Hex/Tloc       16%        N/A       30%         3
 Spider Form              Tmut/Pois      8%         N/A       30%         3
 Vampiric Draining        Necr           8%         2d6       30%         3
 Cause Fear               Hex            4%         N/A       69%         4
 Leda's Liquefaction      Hex/Erth       4%         N/A       69%         4
 Agony                    Necr           8%         N/A       95%         5
 Silence                  Hex/Air        4%         N/A       95%         5
 Dragon Form              Tmut           4%         N/A       100%        7
 Dragon's Call            Summ           16%        N/A       100%        9


Dungeon Overview and Level Annotations

Branches:
Dungeon (10/15)            Temple (1/1) D:4           Sewer (visited)
Ossuary (visited)
   Lair: D:8-11         Orc: D:9-12

Altars:
Ashenzari
Cheibriados
Dithmenos
Elyvilon
Fedhas
Gozag
Hepliaklqana
Kikubaaqudgha
Makhleb
Nemelex Xobeh
Okawaru
Qazlal
Ru
Sif Muna
Trog
Uskayaw
Vehumet
Wu Jian
Xom
Yredelemnul
Zin
The Shining One

Shops:
D:6 ?


Innate Abilities, Weirdness & Mutations

((You are very nimble when in or above water. (Stealth+, EV+, Speed+++)))
Your lower body shifts to a powerful aquatic tail in water.


Message History

You barely miss the steam dragon.
The steam dragon is almost dead.
The wall freezes the steam dragon.
You kill the steam dragon!
You start resting.
The frozen ramparts melt away.
You start resting.
A centaur comes into view.
Casting: Frozen Ramparts (safe; 1% risk of failure)
Confirm with . or Enter, or press ? or * to list all spells.
Casting: Frozen Ramparts (safe; 1% risk of failure)
Press: ? - help, Dir - look around, f - activate The walls around you are covered in ice.
The centaur shouts!
The wall freezes the centaur!
The centaur wields a +0 shortbow.
The centaur shoots an arrow.
The arrow barely misses you.
You are too injured to fight recklessly!
Reach: Q) +3 spear (venom)
Press: ? - help, Dir - move target, f - centaur
Aim: a centaur, wielding a +0 shortbow (heavily wounded, about 21% to evade your +3 spear of venom)
You reach to attack!
You hit the centaur but do no damage.
The centaur is poisoned.
The centaur is heavily wounded.
The wall freezes the centaur.
The centaur shoots an arrow.
The arrow hits you.
* * * LOW HITPOINT WARNING * * *
Reach: Q) +3 spear (venom)
Press: ? - help, Dir - move target, f/p - centaur
Aim: a centaur, wielding a +0 shortbow (severely wounded, very poisoned, about 21% to evade your +3 spear of venom)
You reach to attack!
You closely miss the centaur.
The centaur is severely wounded.
The wall freezes the centaur.
You hit the centaur.
You kill the centaur!
Your icy armour cracks and falls away as you move.
The frozen ramparts melt away as you move.
A yaktaur comes into view.
The yaktaur shouts!
The centaur warrior shouts!
The yaktaur wields a +0 arbalest.
The yaktaur shoots a bolt.
The bolt hits you!!
You die...

#..........#....#....#....#
#..........#....#.>..#....#
#.....#....# #....#.....
#.....#....##+###....#.....
#.....######....##'###....#
#.....#....#....#.........#
#.....#....+....#.........#
#.....#...).)...#)).......#
#.....#...@##....)....###.#
#.....###.#.####...#### #.#
#.........##cc.##### ##..
#..........#....... #...
#..........#..#.... #...
#..........##.. ### ##...
#...........#..# #....
#...........#..# #....
#...........#.D# #...#


You could see a centaur warrior and a yaktaur.

Vanquished Creatures
  A death knight (D:10)
  A centaur warrior (D:8)
  A two-headed ogre (D:9)
  2 gargoyles (D:10)
  3 trolls (D:10)
  Prince Ribbit (D:6)
  20 yaks
  A wraith (D:9)
  2 wyverns
  4 steam dragons
  An acid dragon (D:10)
  Menkaure (D:7)
  Duvessa (D:7)
  2 water moccasins
  A black bear (D:6)
  5 orc warriors
  3 ice beasts
  A sky beast (D:8)
  10 centaurs
  2 phantoms
  2 elf zombies (Ossuary)
  2 gnoll sergeants
  6 bullfrogs
  A scorpion (D:6)
  10 wights
  Dowan (D:7)
  5 killer bees (D:9)
  A howler monkey (D:6)
  A human zombie (Ossuary)
  2 centaur zombies (Ossuary)
  2 hounds
  3 jellies
  4 orc priests
  An iguana (D:6)
  2 sleepcaps
  A gnoll bouda (D:7)
  Ijyb (D:3)
  11 orc wizards
  2 mummies (Ossuary)
  Robin (D:3)
  12 gnolls
  8 adders
  3 river rats (Sewer)
  3 white imps
  2 adder zombies (Ossuary)
  3 worms
  A dart slug (D:2)
  33 orcs
  16 ball pythons
  5 endoplasms
  6 giant cockroaches
  15 goblins
  9 hobgoblins
  9 kobolds
  A quokka (D:1)
  6 bats
  7 frilled lizards
  3 goblin zombies (Ossuary)
  9 hobgoblin zombies (Ossuary)
  A jackal zombie (Ossuary)
  7 kobold zombies (Ossuary)
  10 orc zombies (Ossuary)
  10 rats
301 creatures vanquished.

Vanquished Creatures (others)
  3 fungi (D:2)
  4 withered plants (D:9)
7 creatures vanquished.

Grand Total: 308 creatures vanquished

Notes
Turn   | Place    | Note
-------+----------+-------------------------------------------
     0 | D:1      | cheesebisquit the Merfolk Ice Elementalist began the quest
                  | for the Orb.
     0 | D:1      | Reached XP level 1. HP: 13/13 MP: 3/3
   239 | D:1      | Reached XP level 2. HP: 19/19 MP: 3/5
   286 | D:1      | Reached skill level 5 in Ice Magic
  1220 | D:2      | Reached XP level 3. HP: 24/24 MP: 4/6
  1832 | D:2      | Reached skill level 6 in Ice Magic
  1838 | D:2      | Reached XP level 4. HP: 22/30 MP: 5/7
  2124 | D:2      | Reached XP level 5. HP: 35/35 MP: 5/8
  2613 | D:3      | Noticed Robin
  2628 | D:3      | Reached skill level 7 in Ice Magic
  2640 | D:3      | Killed Robin
  2774 | D:3      | Noticed Ijyb
  2782 | D:3      | Killed Ijyb
  3393 | D:3      | Found a white marble altar of Elyvilon.
  3612 | D:4      | Found a staircase to the Ecumenical Temple.
  3620 | Temple   | Entered the Ecumenical Temple
  3782 | D:4      | Reached XP level 6. HP: 42/42 MP: 5/9
  4376 | D:5      | Entered Level 5 of the Dungeon
  4485 | D:5      | Noticed a water moccasin
  4497 | D:5      | Killed a water moccasin
  4498 | D:5      | Reached skill level 1 in Fighting
  4498 | D:5      | Reached skill level 1 in Polearms
  4698 | D:5      | Learned a level 3 spell: Ozocubu's Armour
  4702 | D:5      | Learned a level 3 spell: Frozen Ramparts
  4792 | D:5      | Identified the +0 mace "Hugumer" {distort, *Slow rC+ Str+6
                  | Stlth+}
  4911 | D:5      | Found a glowing drain.
  4924 | Sewer    | Entered a sewer
  4934 | Sewer    | Reached skill level 8 in Ice Magic
  5007 | Sewer    | Reached XP level 7. HP: 48/48 MP: 8/10
  5916 | D:5      | Found a stormy altar of Qazlal.
  5922 | D:5      | Found a glowing golden altar of the Shining One.
  6310 | D:6      | Reached XP level 8. HP: 34/57 MP: 4/12
  6583 | D:6      | Reached skill level 9 in Ice Magic
  6594 | D:6      | Reached skill level 5 in Dodging
  6742 | D:6      | Learned a level 4 spell: Summon Ice Beast
  6748 | D:6      | Found a sand-covered staircase.
  6757 | Ossuary  | Entered an ossuary
  7515 | Ossuary  | Reached XP level 9. HP: 64/65 MP: 8/15
  7814 | D:6      | Reached skill level 5 in Polearms
  7859 | D:6      | Found The Oracle's Delphic Readings.
  7894 | D:6      | Noticed Prince Ribbit
  7905 | D:6      | Killed Prince Ribbit
  7906 | D:6      | Reached skill level 10 in Ice Magic
  8697 | D:7      | Noticed Duvessa
  8705 | D:7      | Killed Duvessa
  8706 | D:7      | Reached skill level 1 in Summonings
  8706 | D:7      | Noticed Dowan
  8710 | D:7      | Killed Dowan
  9070 | D:7      | Noticed Menkaure
  9084 | D:7      | Reached skill level 5 in Fighting
  9084 | D:7      | Killed Menkaure
  9416 | D:7      | Found a shimmering blue altar of Sif Muna.
  9880 | D:8      | Reached XP level 10. HP: 74/74 MP: 10/17
  9881 | D:8      | Noticed a centaur warrior
  9891 | D:8      | Killed a centaur warrior
  9892 | D:8      | Reached skill level 5 in Spellcasting
  9892 | D:8      | Reached skill level 11 in Ice Magic
 11559 | D:9      | Learned a level 5 spell: Freezing Cloud
 12006 | D:9      | Reached skill level 12 in Ice Magic
 12010 | D:9      | Reached XP level 11. HP: 82/83 MP: 14/19
 12547 | D:9      | Noticed a two-headed ogre
 12564 | D:9      | Killed a two-headed ogre
 12662 | D:9      | Found an ancient bone altar of Kikubaaqudgha.
 12934 | D:10     | Entered Level 10 of the Dungeon
 12945 | D:10     | Found a bloodstained altar of Trog.
 14245 | D:10     | Noticed a death knight
 14254 | D:10     | Noticed a centaur warrior
 14273 | D:10     | Killed a death knight
 14274 | D:10     | Reached skill level 5 in Summonings
 14274 | D:10     | Reached skill level 13 in Ice Magic
 14303 | D:10     | Shot with a bolt by a yaktaur

Illustrated notes

Levels and vault maps discovered:
D:1:      sevenhm_arrival_forest_fort_small_4, layout_basic
D:2:      layout_basic, minmay_shallow_snake_nest
D:3:      layout_loops_corners, elyvilon_altar_5, uniq_robin, uniq_ijyb
D:4:      layout_basic, minmay_temple_entry_grid
D:5:      layout_loops_ring, nicolae_overflow_squiral,
          cheibrodos_sewer_entry_bend
D:6:      layout_cave_pools, enter_ossuary_1, nicolae_nh_oracle_at_delphi,
          uniq_prince_ribbit1
D:7:      layout_loops_corners, mainiacjoe_overflow_chevrons,
          minmay_misc_feat_diagonals, uniq_duvessa, uniq_menkaure
D:8:      layout_basic
D:9:      layout_loops_corners, kiku_gazebo_garden_becter
D:10:     layout_grid_maze, lemuel_tele_altar, minmay_pinched_square
Temple:   nicolae_temple_superstar

Skill      XL: |  1  2  3  4  5  6  7  8  9 10 11 |
---------------+----------------------------------+-----
Ice Magic      | 5 6 7 8 9 10 12 13 | 13.0
Dodging        | 3 4 5 7 8 9 |  9.5
Fighting       | 1 2 3 5 6 7 |  7.5
Polearms       | 1 3 4 6 7 9 |  9.0
Spellcasting   | 3 4 5 6 |  6.6
Summonings     | 2 3 5 |  5.0
Stealth        | |  2.1

Action                     |  1- 3 |  4- 6 |  7- 9 | 10-12 || total
---------------------------+-------+-------+-------+-------++-------
  Melee: Unarmed           |     4 |       |       |       ||     4
         Mace              |    22 |     7 |       |       ||    29
         Spear             |       |    27 |       |   336 ||   363
         Glaive            |       |    14 |   273 |    25 ||   312
         Trident           |       |       |       |    60 ||    60
         Punch             |       |       |       |     4 ||     4
   Cast: Freeze            |    60 |    83 |    24 |       ||   167
         Frozen Ramparts   |       |       |    54 |    51 ||   105
         Ozocubu's Armour  |       |       |    43 |    36 ||    79
    Use: Potion            |     1 |     3 |     6 |       ||    10
         Scroll            |       |     6 |     7 |     3 ||    16
   Stab: Sleeping          |       |    10 |     3 |     1 ||    14
 Armour: Leather armour    |    20 |    28 |    91 |    51 ||   190
         Robe              |     2 |       |       |       ||     2
  Dodge: Dodged            |    59 |    85 |   350 |   290 ||   784

Table legend: (Time is in decaauts)
 A = Elapsed time spent in this place.
 B = Non-inter-level travel time spent in this place.
 C = Inter-level travel time spent in this place.
 D = Time resting spent in this place.
 E = Time spent auto-exploring this place.
 F = Levels seen in this place.
 G = Mean time per level.
                   A        B        C        D        E       F      G
               +--------+--------+--------+--------+--------+-----+--------+
         Total |  14283 |  13907 |    376 |    366 |  11136 |  13 | 1098.7 |
       Dungeon |  12659 |  12293 |    366 |    366 |   9974 |  10 | 1265.9 |
        Temple |    100 |     90 |     10 |      0 |     73 |   1 |  100.0 |
         Sewer |    484 |    484 |      0 |      0 |    336 |   1 |  484.0 |
       Ossuary |   1039 |   1039 |      0 |      0 |    753 |   1 | 1039.0 |
               +--------+--------+--------+--------+--------+-----+--------+

Top non-repeatable levels by time:
     D:9: 1564 daAuts
     D:7: 1542 daAuts
     D:8: 1329 daAuts
    D:10: 1316 daAuts
     D:5: 1288 daAuts
     D:6: 1258 daAuts
     D:2: 1218 daAuts
     D:1: 1198 daAuts
     D:3: 1088 daAuts
 Ossuary: 1039 daAuts
     D:4: 856 daAuts
   Sewer: 484 daAuts
  Temple: 100 daAuts
